 Dungeon Crawl Stone Soup version 0.24-a0-205-g1d96822 (webtiles) character file.

Game seed: 7531606189624604281

341 Mgcat the Skirmisher (level 6, 0/51 HPs)
             Began as a Mummy Berserker on Mar 28, 2019.
             Was a Priest of Trog.
             Slain by an ogre
             ... wielding a +0 giant club
              (12 damage)
             ... on level 4 of the Dungeon.
             The game lasted 00:10:17 (4657 turns).

Mgcat the Skirmisher (Mummy Berserker)              Turns: 4657, Time: 00:10:17

Health: 0/51       AC: 10    Str: 22    XL:     6   Next: 30%
Magic:  6/6        EV:  8    Int:  7    God:    Trog [***...]
Gold:   126        SH:  0    Dex: 11    Spells: 5/5 levels left

rFire    x . .     SeeInvis .   a - +1 dagger (venom)
rCold    + . .     Gourm    .   (no shield)
rNeg     + + +     Faith    .   n - +0 chain mail
rPois    ∞         Spirit   .   d - +0 helmet
rElec    .         Reflect  .   (no cloak)
rCorr    .         Harm     .   f - +0 pair of gloves
MR       ++...                  (no boots)
Stlth    ..........             (no amulet)
HPRegen  1.17/turn              (no ring)
MPRegen  0.10/turn              (no ring)

@: regenerating
A: no food or potions, fire vulnerability, cold resistance 1, negative energy
resistance 3, torment resistance, unbreathing
a: Trog's Hand, Renounce Religion


You were on level 4 of the Dungeon.
You worshipped Trog.
Trog was most pleased with you.
You were not hungry.

You visited 1 branch of the dungeon, and saw 4 of its levels.

You collected 126 gold pieces.

Inventory:

Hand Weapons
 a - a +1 dagger of venom (weapon)
   (You found it on level 2 of the Dungeon)
 b - a +0 hunting sling
   (You took it off a goblin on level 2 of the Dungeon)
 c - a +0 mace
Missiles
 e - 162 stones (quivered)
 h - 33 sling bullets
Armour
 d - a +0 helmet (worn)
   (You found it on level 1 of the Dungeon)
 f - a +0 pair of gloves (worn)
   (You found it on level 4 of the Dungeon)
 n - a +0 chain mail (worn)
   (You took it off an orc on level 3 of the Dungeon)
Scrolls
 i - a scroll of fog {unknown}
 j - 2 scrolls of teleportation {unknown}
 k - a scroll of immolation {unknown}
 l - 2 scrolls of identify
 m - 2 scrolls of remove curse


   Skills:
 + Level 5.0 Fighting
 + Level 4.1 Maces & Flails
 + Level 2.2 Slings
 - Level 1.5 Armour
 - Level 1.5 Dodging


You had 5 spell levels left.
You didn't know any spells.
Your spell library was empty.

Dungeon Overview and Level Annotations

Branches:
Dungeon (4/15)
 Temple: D:4-7

Altars:
Xom
The Shining One


Innate Abilities, Weirdness & Mutations

You do not eat or drink.
Your flesh is vulnerable to fire.
You are immune to poison.
Your flesh is cold resistant. (rC+)
You are immune to negative energy. (rN+++)
You are immune to unholy pain and torment.
You can survive without breathing.


Message History

Found a runed dagger.
You see here a quokka corpse.
You see here 2 tomahawks.
Key pressed, stopping explore.
Unknown command.
Unknown command.
Unknown command.
Key pressed, stopping explore.
Unknown command.
Unknown command.
The ogre shouts!
The ogre is too close now for your liking.
Spoiler Alert: The ogre can hit for high damage in melee!
Unknown command.
Unknown command.
Your +1 dagger of venom stops dripping with poison.
b - a +0 hunting sling (weapon)
Okay, then.
Unknown command.
Spoiler Alert: The ogre can hit for high damage in melee!
Firing (i - inventory. (/) - cycle)
h - 37 sling bullets (quivered)
Press: ? - help, Shift-Dir - straight line, f - ogre
Aim: an ogre, wielding a +0 giant club You shoot a sling bullet.
The sling bullet hits the ogre!
The ogre is moderately wounded.
Firing (i - inventory. (/) - cycle)
h - 36 sling bullets (quivered)
Press: ? - help, Shift-Dir - straight line, f/p - ogre
Aim: an ogre, wielding a +0 giant club (moderately wounded)
You shoot a sling bullet. The sling bullet hits the ogre.
The ogre is heavily wounded.
Spoiler Alert: The ogre can hit for high damage in melee!
Firing (i - inventory. (/) - cycle)
h - 35 sling bullets (quivered)
Press: ? - help, Shift-Dir - straight line, f/p - ogre
Aim: an ogre, wielding a +0 giant club (heavily wounded)
You shoot a sling bullet.
The sling bullet barely misses the ogre.
Firing (i - inventory. (/) - cycle)
h - 34 sling bullets (quivered)
Press: ? - help, Shift-Dir - straight line, f/p - ogre
Aim: an ogre, wielding a +0 giant club (heavily wounded)
You shoot a sling bullet.
The sling bullet barely misses the ogre.
Spoiler Alert: The ogre can hit for high damage in melee!
Your +1 dagger of venom begins to drip with poison!
a - a +1 dagger of venom (weapon)
The ogre hits you with a +0 giant club!!
You take 18 damage, and have 33/51 hp.
MASSIVE DAMAGE!!
Your skin crawls.
You feel resistant to hostile enchantments.
The ogre hits you with a +0 giant club.
You take 2 damage, and have 31/51 hp.
Spoiler Alert: The ogre can hit for high damage in melee!
Unknown command.
Unknown command.
You hit the ogre.
The ogre is severely wounded.
Unknown command.
Unknown command.
Spoiler Alert: The ogre can hit for high damage in melee!
You closely miss the ogre.
The ogre is severely wounded.
The ogre hits you with a +0 giant club!!
* * * LOW HITPOINT WARNING * * *
You take 18 damage, and have 14/51 hp.
MASSIVE DAMAGE!!
Unknown command.
Spoiler Alert: The ogre can hit for high damage in melee!
Unknown command.
Unknown command.
You closely miss the ogre.
The ogre is severely wounded.
The ogre hits you with a +0 giant club.
* * * LOW HITPOINT WARNING * * *
You take 4 damage, and have 10/51 hp.
Spoiler Alert: The ogre can hit for high damage in melee!
Unknown command.
Unknown command.
Unknown command.
You hit the ogre.
The ogre is severely wounded.
The ogre barely misses you.
Spoiler Alert: The ogre can hit for high damage in melee!
Unknown command.
Unknown command.
You hit the ogre.
The ogre is almost dead.
Unknown command.
Unknown command.
Spoiler Alert: The ogre can hit for high damage in melee!
You completely miss the ogre.
The ogre is almost dead.
The ogre hits you with a +0 giant club.
* * * LOW HITPOINT WARNING * * *
You take 1 damage, and have 11/51 hp.
Unknown command.
Spoiler Alert: The ogre can hit for high damage in melee!
Unknown command.
Unknown command.
You hit the ogre but do no damage.
The ogre is poisoned.
The ogre is almost dead.
The ogre hits you with a +0 giant club!
You die...

.............
.............#.....#
...............[.$.#
...O.<..........(..
................(.#
................(.#
...!............(.#
................O.#
................@.#
..................#
............####.###
.. #...####
##......##
#........#
#........#
#........#
#........#


You could see an ogre.

Vanquished Creatures
  A crimson imp (D:4)
  2 orc priests (D:3)
  Natasha (thrice) (D:3 D:2)
  A worker ant (D:4)
  5 adders
  A worm (D:3)
  2 leopard geckos (D:3)
  13 orcs
  7 bats
  6 giant cockroaches
  10 goblins
  5 hobgoblins
  5 jackals
  4 kobolds
  3 quokkas
  2 ball pythons
  9 frilled lizards
  7 rats
86 creatures vanquished.

Notes
Turn   | Place    | Note
-------+----------+-------------------------------------------
     0 | D:1      | Mgcat the Mummy Berserker began the quest for the Orb.
     0 | D:1      | Reached XP level 1. HP: 18/18 MP: 1/1
   243 | D:1      | Reached XP level 2. HP: 22/24 MP: 2/2
   587 | D:1      | Reached skill level 3 in Maces & Flails
   625 | D:1      | Reached ** piety under Trog
   902 | D:2      | Found a glowing golden altar of the Shining One.
  1053 | D:2      | Reached XP level 3. HP: 28/29 MP: 3/3
  1955 | D:3      | Reached skill level 4 in Fighting
  2156 | D:3      | Reached XP level 4. HP: 12/37 MP: 4/4
  2548 | D:3      | Reached skill level 1 in Slings
  2633 | D:3      | Noticed Natasha
  2639 | D:3      | Killed Natasha
  2639 | D:3      | Reached XP level 5. HP: 37/43 MP: 5/5
  2753 | D:3      | Noticed Natasha
  2899 | D:3      | HP: 6/43 [orc priest/divine providence (8)]
  3224 | D:2      | Killed Natasha
  3308 | D:2      | Found a glowing golden altar of the Shining One.
  3430 | D:2      | Noticed Natasha
  3443 | D:2      | Killed Natasha
  3751 | D:2      | Reached skill level 4 in Maces & Flails
  4004 | D:3      | Reached *** piety under Trog
  4080 | D:3      | Reached XP level 6. HP: 46/50 MP: 6/6
  4094 | D:3      | Reached skill level 2 in Slings
  4479 | D:4      | Found a shimmering altar of Xom.
  4606 | D:4      | Reached skill level 5 in Fighting
  4653 | D:4      | HP: 10/51 [ogre/+0 giant club (5)]
  4657 | D:4      | Slain by an ogre

Levels and vault maps discovered:
D:1:      dpeg_arrival_another_circle, layout_rooms, minmay_tetromino_l4
D:2:      layout_loops_corners, first_ration, tso_metal_star
D:3:      kb_forest_paths, layout_rooms, uniq_natasha
D:4:      layout_cave_pods, lemuel_coloured_pillars_altar, led_xom_imps

Skill      XL: |  1  2  3  4  5  6 |
---------------+-------------------+-----
Maces & Flails | 3 4 |  4.1
Fighting       | 4 5 |  5.0
Slings         | 1 2 |  2.2
Armour         | |  1.5
Dodging        | |  1.5

Action                   |  1- 3 |  4- 6 || total
-------------------------+-------+-------++-------
Melee: Mace              |    33 |       ||    33
       Dagger            |   118 |   198 ||   316
 Fire: Hunting sling     |    12 |    29 ||    41
Invok: Trog's Hand       |       |     1 ||     1
  Use: Scroll            |     1 |     1 ||     2
Armor: Animal skin       |    14 |       ||    14
       Scale mail        |    36 |    86 ||   122
       Chain mail        |       |    22 ||    22
Dodge: Dodged            |    91 |   132 ||   223

Table legend:
 A = Non-vault XP
 B = Vault XP
 C = Vault XP percentage of total XP
 D = Non-vault monster count
 E = Vault monster count
 F = Vault count percentage of total count
                 A         B        C        D         E       F
            +---------+---------+-------+---------+---------+-------
      Total |     382 |     106 |  21.7 |      75 |      11 |  12.8
            +---------+---------+-------+---------+---------+-------
        D:1 |      33 |       6 |  15.4 |      20 |       3 |  13.0
        D:2 |     132 |       2 |   1.5 |      23 |       1 |   4.2
        D:3 |     175 |      48 |  21.5 |      27 |       6 |  18.2
        D:4 |      42 |      50 |  54.3 |       5 |       1 |  16.7
            +---------+---------+-------+---------+---------+-------

Levels and vault maps discovered:
D:1:      dpeg_arrival_another_circle, layout_rooms, minmay_tetromino_l4
D:2:      layout_loops_corners, first_ration, tso_metal_star
D:3:      kb_forest_paths, layout_rooms, uniq_natasha
D:4:      layout_cave_pods, lemuel_coloured_pillars_altar, led_xom_imps

Table legend:
 A = Turns spent in this place as a percentage of turns spent in the entire game.
 B = Non-inter-level travel turns spent in this place as a percentage of non-inter-level travel turns spent in the entire game.
 C = Inter-level travel turns spent in this place as a percentage of turns spent in this place.
 D = Turns resting spent in this place as a percentage of non-inter-level travel turns spent in this place.
 E = Turns spent auto-exploring this place as a percentage of non-inter-level travel turns spent in this place.
 F = Non-inter-level travel turns spent in this place divided by the number of levels of this place that you've seen.
                   A       B       C       D       E      F
               +-------+-------+-------+-------+-------+----------------------
         Total | 100.0 | 100.0 |  10.7 |  20.7 |  57.3 | 1039.2
       Dungeon | 100.0 | 100.0 |  10.7 |  20.7 |  57.3 | 1039.2
               +-------+-------+-------+-------+-------+----------------------

Table legend:
 A = Kills in this place as a percentage of kills in entire the game.
 B = Kills by you in this place as a percentage of kills by you in the entire game.
 C = Kills by friends in this place as a percentage of kills by friends in the entire game.
 D = Other kills in this place as a percentage of other kills in the entire game.
 E = Experience gained in this place as a percentage of experience gained in the entire game.
 F = Experience gained in this place divided by the number of levels of this place that you have seen.
                   A       B       C       D       E      F
               +-------+-------+-------+-------+-------+----------------------
         Total | 100.0 | 100.0 |   N/A |   N/A | 100.0 | 122.0
       Dungeon | 100.0 | 100.0 |   N/A |   N/A | 100.0 | 122.0
               +-------+-------+-------+-------+-------+----------------------
